Map: Newkirk Precinct TE (Void)

Players

Fropez - Winner!

  • Race: Protoss Protoss
  • League: Platinum
  • Spawn Location: 5:00

bunk

  • Race: Zerg Zerg
  • League: Gold
  • Spawn Location: 7:00

VOD

Have the link to the VOD?

Description

Time

  • Played on: Jan. 25, 2017, 8:23 p.m.
  • Length: 10:11
Show
View Real Time Build Order
Export as new Build Order

Fropez Protoss - Winner!

Build Orders: 1 Gate Expand 

Get SALT Encoding   

  12  0:01  Probe (Chrono Boost)  
  13  0:11  Probe (Chrono Boost)  
  14  0:19  Pylon  
  14  0:22  Probe (Chrono Boost)  
  15  0:37  Gateway  
  15  0:41  Assimilator  
  15  0:45  Probe (Chrono Boost)  
  16  0:56  Probe (Chrono Boost)  
  17  1:16  Assimilator  
  18  1:24  Nexus  
  17  1:34  Cybernetics Core  
  17  1:38  Probe (Chrono Boost)  
  18  1:58  Pylon  
  18  2:02  Probe (Chrono Boost)  
  19  2:13  Mothership Core (Chrono Boost)  
  21  2:17  Adept  
  23  2:26  Gateway  
  23  2:31  Probe (Chrono Boost)  
  23  2:36  Probe (Chrono Boost), Warp Gate  
  25  2:42  Probe (Chrono Boost)  
  26  2:50  Probe (Chrono Boost)  
  27  3:02  Robotics Facility  
  27  3:04  Probe (Chrono Boost)  
  29  3:06  Probe (Chrono Boost)  
  29  3:15  Adept  
  29  3:17  Adept  
  33  3:25  Probe (Chrono Boost)  
  35  3:27  Probe (Chrono Boost)  
  35  3:40  Probe (Chrono Boost)  
  37  3:42  Probe (Chrono Boost)  
  37  3:44  Adept x2  
  41  4:05  Immortal  
  43  4:15  Pylon, Probe (Chrono Boost)  
  43  4:16  Probe (Chrono Boost)  
  45  4:17  Assimilator  
  45  4:26  Pylon  
  45  4:27  Probe (Chrono Boost)  
  46  4:35  Probe (Chrono Boost)  
  46  4:36  Assimilator  
  48  4:39  Adept x2, Probe (Chrono Boost)  
  52  4:47  Probe (Chrono Boost), Immortal  
  52  4:48  Gateway  
  52  4:51  Probe (Chrono Boost)  
  58  4:59  Probe (Chrono Boost)  
  59  5:03  Probe (Chrono Boost)  
  54  5:22  Immortal  
  54  5:24  Adept x2  
  54  5:27  Probe x2 (Chrono Boost)  
  62  5:42  Forge  
  62  5:44  Pylon  
  62  5:55  Gateway  
  62  5:56  Gateway  
  62  6:00  Protoss Ground Weapons Level 1  
  62  6:03  Adept x3  
  62  6:04  Probe x2 (Chrono Boost)  
  70  6:12  Pylon  
  70  6:31  Adept, Immortal  
  70  6:32  Probe x2 (Chrono Boost)  
  78  6:39  Pylon  
  78  6:52  Probe x2 (Chrono Boost)  
  66  7:04  Adept x3  
  72  7:10  Immortal  
  72  7:15  Probe x2 (Chrono Boost)  
  78  7:26  Nexus  
  78  7:30  Assimilator  
  78  7:34  Assimilator  
  78  7:38  Pylon  
  78  7:41  Adept x4  
  78  7:42  Pylon  
  88  7:58  Probe (Chrono Boost)  
  88  7:59  Warp Prism, Probe (Chrono Boost)  
  90  8:11  Probe x2 (Chrono Boost)  
  90  8:12  Photon Cannon  
  92  8:14  Photon Cannon  
  92  8:15  Pylon  
  92  8:17  Pylon  
  92  8:23  Adept x5  
  100  8:48  Adept x4  
  98  8:49  Adept  
  96  8:59  Observer  
  97  9:06  Gateway  
  97  9:08  Pylon  
  99  9:11  Probe x2 (Chrono Boost)  
  99  9:18  Nexus, Zealot x4  
  99  9:19  Zealot  
  99  9:21  Assimilator  
Show
View Real Time Build Order
Export as new Build Order

bunk Zerg 

Build Orders: Hatch First 

Get SALT Encoding   

  12  0:03  Drone  
  13  0:15  Extractor  
  13  0:19  Drone  
  13  0:21  Drone  
  14  0:45  Hatchery  
  14  0:48  Drone  
  14  1:02  Spawning Pool  
  13  1:07  Drone  
  14  1:28  Overlord  
  14  1:46  Overlord  
  14  1:48  Drone  
  15  1:55  Queen  
  15  1:57  Queen  
  15  1:58  Drone  
  20  2:06  Drone x2  
  22  2:15  Drone x2  
  24  2:19  Drone  
  25  2:23  Drone  
  26  2:31  Drone x2  
  28  2:41  Drone x2  
  30  2:48  Queen  
  32  2:55  Drone x2  
  34  3:02  Spore Crawler  
  33  3:07  Spore Crawler  
  32  3:19  Drone x4  
  36  3:22  Overlord x2  
  35  4:04  Drone x7  
  35  4:05  Drone x3  
  44  4:15  Roach Warren  
  44  4:16  Lair  
  43  4:17  Evolution Chamber  
  43  4:18  Evolution Chamber  
  43  4:20  Overlord x2  
  41  4:25  Extractor  
  41  4:28  Zergling x2  
  41  4:29  Zergling x12  
  47  4:37  Queen  
  49  4:48  Zerg Ground Armor Level 1, Zerg Missile Weapons Level 1  
  49  4:57  Drone  
  49  4:58  Drone x2  
  48  5:29  Roach  
  48  5:30  Roach x8  
  66  5:35  Extractor  
  66  5:38  Extractor  
  66  5:41  Glial Reconstitution  
  64  5:54  Roach x2  
  64  5:56  Overlord x4  
  68  6:07  Overlord x2  
  68  6:17  Drone x3  
  72  6:18  Drone x2  
  72  6:19  Drone  
  74  6:46  Zerg Missile Weapons Level 2  
  74  6:47  Zerg Ground Armor Level 2  
  69  6:57  Roach x6  
  70  7:06  Pneumatized Carapace  
  70  7:19  Drone x2  
  70  7:21  Roach  
  70  7:22  Roach x5  
  84  7:38  Roach x5  
  94  7:55  Tunneling Claws  
  94  7:57  Burrow  
  94  7:58  Roach  
  94  7:59  Roach  
  98  8:08  Hydralisk Den  
  97  8:30  Hatchery  
  80  8:52  Roach x12  
  74  9:06  Spine Crawler  
  74  9:07  Spine Crawler  
  74  9:08  Spine Crawler  
  74  9:09  Spine Crawler x2  
  69  9:13  Hydralisk x2  
  74  9:24  Hydralisk  
  74  9:25  Hydralisk  
  74  9:29  Roach  
  74  9:30  Roach x3  
Tags
 
Add a new tag
Caveats
  • Supply blocks, unpowered buildings, or Contaminate may cause inaccurate times.
  • Supply counts are checked every 10 seconds.